 Dungeon Crawl Stone Soup version 0.24-a0-537-g2d01d4ab0a (webtiles) character file.

Game seed: 14818622155622308629

2667 Gynju the Covert (level 9, -7/39 HPs)
             Began as a Spriggan Enchanter on Aug 14, 2019.
             Was an Initiate of Kikubaaqudgha.
             Mangled by Harold
             ... wielding a +1 glaive of venom
              (21 damage)
             ... on level 8 of the Dungeon.
             The game lasted 00:18:06 (10210 turns).

Gynju the Covert (Spriggan Enchanter)              Turns: 10210, Time: 00:18:06

Health: -7/39      AC:  3    Str:  4    XL:     9   Next: 37%
Magic:  6/19       EV: 19    Int: 20    God:    Kikubaaqudgha [......]
Gold:   311        SH:  7    Dex: 16    Spells: 9/20 levels left

rFire    + . .     SeeInvis +   a - +0 dagger (elec)
rCold    . . .     Gourm    .   l - +0 buckler
rNeg     . . .     Faith    .   q - +1 robe
rPois    .         Spirit   .   (helmet restricted)
rElec    .         Reflect  .   (no cloak)
rCorr    .         Harm     .   (gloves unavailable)
MR       +....                  (boots unavailable)
Stlth    +++++.....             (no amulet)
HPRegen  0.13/turn              f - ring of protection from fire
MPRegen  0.16/turn              x - +1 ring of evasion

@: lethally poisoned (-7 -> -10), very quick
A: very small, unfitting armour, see invisible, herbivore, speed 3, slow
metabolism 2
a: Renounce Religion


You were on level 8 of the Dungeon.
You worshipped Kikubaaqudgha.
Kikubaaqudgha was noncommittal.
You were hungry.

You visited 2 branches of the dungeon, and saw 9 of its levels.
You also visited: Ossuary.

You collected 311 gold pieces.

Inventory:

Hand Weapons
 a - a +0 dagger of electrocution (weapon)
 b - a +4 rapier
Missiles
 k - 18 poisoned darts (quivered)
Armour
 l - a +0 buckler (worn)
 q - a +1 robe (worn)
Jewellery
 f - a ring of protection from fire (left hand)
 x - a +1 ring of evasion (right hand)
 y - an uncursed amulet of rage {unknown}
Wands
 n - a wand of polymorph (7)
 v - a wand of random effects (16)
Scrolls
 e - 5 scrolls of remove curse
 j - 2 scrolls of enchant weapon
 m - a scroll of blinking
 o - 2 scrolls of identify
 p - a scroll of amnesia
 C - a scroll of teleportation
Potions
 c - 2 potions of invisibility {unknown}
 g - 5 potions of lignification
 h - a potion of mutation {unknown}
 i - 9 potions of degeneration {unknown}
 r - 3 potions of magic
 s - 4 potions of agility {unknown}
 t - a potion of cancellation {unknown}
 u - a potion of haste {unknown}
 w - a potion of curing {unknown}
 z - 2 potions of heal wounds {unknown}
 A - a potion of berserk rage {unknown}
 B - a potion of might {unknown}
Comestibles
 d - 9 rations


   Skills:
 + Level 3.8 Short Blades
 - Level 3.0 Dodging
 * Level 11.1 Stealth
 * Level 4.7 Shields
 + Level 6.2 Spellcasting
 * Level 8.7 Hexes


You had 9 spell levels left.
You knew the following spells:

 Your Spells              Type           Power        Failure   Level  Hunger
a - Dazzling Spray        Conj/Hex       ###...       6%          3    ##.....
b - Ensorcelled Hibernat  Hex/Ice        ###...       3%          2    None
c - Tukima's Dance        Hex            #####...     1%          3    ##.....
d - Confuse               Hex            #####...     1%          3    ##.....

Your spell library contained the following spells:

 Spells                   Type           Power        Failure   Level  Hunger
 Corona                   Hex            #####..      1%          1    None


Dungeon Overview and Level Annotations

Branches:
Dungeon (8/15)             Temple (1/1) D:7
   Lair: D:8-11

Altars:
Ashenzari
Cheibriados
Elyvilon
Fedhas
Gozag
Hepliaklqana
Kikubaaqudgha
Nemelex Xobeh
Qazlal
Sif Muna
Trog
Uskayaw
Vehumet
Xom
Zin
The Shining One

Annotations:
D:8 Harold


Innate Abilities, Weirdness & Mutations

You are very small and have problems with some larger weapons.
You are too small for most types of armour.
You have supernaturally acute eyesight. (SInv)
You are a herbivore.
You cover ground extremely quickly.
You need to consume almost no food.


Message History

Aiming: Ensorcelled Hibernation (safe; 3% risk of failure)
Press: ? - help, Shift-Dir - straight line, f/p - Harold
Aim: Harold, wielding a +1 glaive of venom and wearing a +0 ring mail (severely wounded, chance to defeat MR: 20%) Harold resists with almost no effort.
You feel sick. Harold closely misses you.
Casting: Ensorcelled Hibernation (safe; 3% risk of failure)
Confirm with . or Enter, or press ? or * to list all spells.
Aiming: Ensorcelled Hibernation (safe; 3% risk of failure)
Press: ? - help, Shift-Dir - straight line, f/p - Harold
Aim: Harold, wielding a +1 glaive of venom and wearing a +0 ring mail (severely wounded, chance to defeat MR: 20%) Harold resists with almost no effort.
Casting: Ensorcelled Hibernation (safe; 3% risk of failure)
Confirm with . or Enter, or press ? or * to list all spells.
Aiming: Ensorcelled Hibernation (safe; 3% risk of failure)
Press: ? - help, Shift-Dir - straight line, f/p - Harold
Aim: Harold, wielding a +1 glaive of venom and wearing a +0 ring mail (severely wounded, chance to defeat MR: 20%) Harold resists with almost no effort.
You feel sick.
Harold hits you with a +1 glaive of venom!!
Ouch! That really hurt!
You die...
Kikubaaqudgha rasps: "You have failed me!
Welcome... death!"

# # #. #. ##.#.
#..... #.....#
##....@#####..#
#......@<.....#
##.....#####....
#.....# . ##.#.#
#. #. # #


You could see Harold.

Vanquished Creatures
  Grinder (D:3)
  A hippogriff (D:7)
  A hungry ghost (D:7)
  2 steam dragons (D:5)
  2 orc warriors
  2 sky beasts
  A phantom (D:5)
  An ice beast (D:5)
  An ogre (D:6)
  4 bullfrogs
  3 scorpions
  A centaur zombie (Ossuary)
  A hound (D:5)
  A gnoll shaman (D:6)
  2 bullfrog skeletons
  A human zombie (Ossuary)
  2 jellies
  8 orc wizards
  2 iguanas
  Terence (D:3)
  A worker ant (D:5)
  A big kobold zombie (Ossuary)
  A hound zombie (D:5)
  A mummy (Ossuary)
  A howler monkey zombie (D:5)
  Robin (D:3)
  A hound skeleton (D:6)
  A worker ant zombie (D:5)
  6 gnolls
  A howler monkey skeleton (D:4)
  7 adders
  A shadow imp (D:7)
  2 worms
  3 dart slugs
  A leopard gecko (D:6)
  18 orcs
  2 ball pythons
  4 giant cockroaches
  9 goblins
  10 hobgoblins
  4 jackals (D:6)
  9 kobolds
  A quokka (D:6)
  6 bats
  3 frilled lizards
  A goblin zombie (Ossuary)
  2 jackal skeletons (D:4)
  A leopard gecko skeleton (D:4)
  10 rats
  A fungus (D:5)
148 creatures vanquished.

Vanquished Creatures (collateral kills)
  An orc priest (D:6)
  3 orcs (D:7)
  A jackal (D:6)
5 creatures vanquished.

Vanquished Creatures (others)
  A dancing weapon (D:6)
1 creature vanquished.

Grand Total: 154 creatures vanquished

Notes
Turn   | Place    | Note
-------+----------+-------------------------------------------
     0 | D:1      | Gynju the Spriggan Enchanter began the quest for the Orb.
     0 | D:1      | Reached XP level 1. HP: 9/9 MP: 5/5
   571 | D:1      | Reached XP level 2. HP: 13/13 MP: 6/6
   575 | D:1      | Learned a level 2 spell: Ensorcelled Hibernation
   622 | D:1      | Reached skill level 5 in Stealth
  1654 | D:2      | Found a shattered altar of Ashenzari.
  1695 | D:2      | Reached XP level 3. HP: 16/16 MP: 1/8
  1840 | D:2      | Found a bloodstained altar of Trog.
  2180 | D:2      | Found a glowing silver altar of Zin.
  2416 | D:3      | Noticed a bullfrog
  2460 | D:3      | Killed a bullfrog
  2460 | D:3      | Reached skill level 6 in Stealth
  2460 | D:3      | Reached skill level 1 in Shields
  2460 | D:3      | Reached XP level 4. HP: 6/21 MP: 2/10
  2731 | D:3      | Reached XP level 5. HP: 24/24 MP: 8/11
  3206 | D:3      | Noticed Terence
  3228 | D:3      | Killed Terence
  3228 | D:3      | Reached skill level 5 in Hexes
  3249 | D:3      | Learned a level 3 spell: Tukima's Dance
  3253 | D:3      | Learned a level 3 spell: Confuse
  3426 | D:3      | Noticed Grinder
  3553 | D:3      | Killed Grinder
  3553 | D:3      | Reached skill level 7 in Stealth
  3553 | D:3      | Reached XP level 6. HP: 15/28 MP: 6/13
  3755 | D:3      | Found a faded altar of an unknown god.
  3856 | D:3      | Noticed Robin
  3875 | D:3      | Killed Robin
  3895 | D:3      | Found a snail-covered altar of Cheibriados.
  3932 | D:3      | Learned a level 3 spell: Dazzling Spray
  3974 | D:4      | Found a sparkling altar of Nemelex Xobeh.
  3974 | D:4      | Found an opulent altar of Gozag.
  4532 | D:4      | Reached XP level 7. HP: 32/32 MP: 10/14
  4755 | D:5      | Entered Level 5 of the Dungeon
  4813 | D:5      | Found a blossoming altar of Fedhas.
  4966 | D:5      | Found a sand-covered staircase.
  5055 | Ossuary  | Entered an ossuary
  5103 | Ossuary  | Reached skill level 8 in Stealth
  6198 | D:5      | Found a bloodstained altar of Trog.
  6636 | D:5      | Noticed a steam dragon
  6638 | D:5      | Noticed a steam dragon
  6644 | D:5      | Killed a steam dragon
  6644 | D:5      | Reached skill level 9 in Stealth
  6644 | D:5      | Reached skill level 5 in Spellcasting
  6644 | D:5      | Reached XP level 8. HP: 32/36 MP: 13/16
  7392 | D:6      | Reached skill level 10 in Stealth
  8117 | D:6      | Reached XP level 9. HP: 39/39 MP: 3/18
  8530 | D:7      | Found a staircase to the Ecumenical Temple.
  8567 | Temple   | Entered the Ecumenical Temple
  8710 | Temple   | Became a worshipper of Kikubaaqudgha
  9707 | D:7      | Reached skill level 11 in Stealth
 10201 | D:8      | Noticed Harold
 10210 | D:8      | Mangled by Harold

Levels and vault maps discovered:
D:1:      mrwooster_arrival_arrow, layout_loops_ring, minmay_statues_item
D:2:      layout_basic, lemuel_round_altar, lemuel_doored_altar, bloody_trog
D:3:      layout_rooms, marbit_many_paths, chequers_ecumenical_altar_twisty,
          serial_park_tiny_2, uniq_grinder, uniq_robin, uniq_terence
D:4:      layout_loops_ring, grunt_temple_overflow_opulence
D:5:      kennysheep_steamy, layout_loops_ring, old_standard_altar,
          first_ration, chequers_ossuary_entry_cave, fedhas_ov_isle_minmay
D:6:      layout_loops_ring
D:7:      layout_layer_cave, temple_pool_b, serial_rivers,
          chequers_serial_rivers_micro_d, chequers_serial_rivers_micro_c,
          chequers_serial_rivers_small_b, chequers_serial_rivers_large_a,
          minmay_misc_feat_roman
D:8:      layout_loops_ring, nicolae_overflow_hidden_temple, basic_altar,
          grunt_dithmenos_smoke_and_mirrors, uniq_psyche, uniq_maurice,
          uniq_harold
Temple:   minmay_temple_curvy_loop

Skill      XL: |  1  2  3  4  5  6  7  8  9 |
---------------+----------------------------+-----
Hexes          | 4 5 6 7 8 |  8.7
Stealth        | 5 6 7 9 10 11 | 11.1
Spellcasting   | 3 4 5 6 |  6.2
Shields        | 1 2 3 4 |  4.7
Short Blades   | 2 3 |  3.8
Dodging        | |  3.0

Action                   |  1- 3 |  4- 6 |  7- 9 || total
-------------------------+-------+-------+-------++-------
Melee: Dagger            |    94 |    76 |   188 ||   358
       Rapier            |       |    31 |    44 ||    75
 Cast: Corona            |     2 |     1 |       ||     3
       Ensorcelled Hiber |    17 |    30 |    72 ||   119
       Confuse           |       |     5 |    13 ||    18
       Tukima's Dance    |       |     1 |     9 ||    10
  Use: Scroll            |       |     8 |     3 ||    11
 Stab: Sleeping          |    21 |    21 |    54 ||    96
       Distracted        |     1 |     1 |       ||     2
       Confused          |       |     3 |     4 ||     7
  Eat: Ration            |       |     1 |     4 ||     5
Armor: Robe              |    12 |    11 |     9 ||    32
Dodge: Dodged            |    52 |    62 |   102 ||   216
Block: Buckler           |     3 |    27 |    43 ||    73

Table legend:
 A = Non-vault XP
 B = Vault XP
 C = Vault XP percentage of total XP
 D = Non-vault monster count
 E = Vault monster count
 F = Vault count percentage of total count
                 A         B        C        D         E       F
            +---------+---------+-------+---------+---------+-------
      Total |    2967 |     844 |  22.1 |     137 |      15 |   9.9
            +---------+---------+-------+---------+---------+-------
        D:1 |      39 |       0 |   0.0 |      25 |       0 |   0.0
        D:2 |      55 |       0 |   0.0 |      11 |       0 |   0.0
        D:3 |     144 |     339 |  70.2 |      17 |       8 |  32.0
        D:4 |     189 |       0 |   0.0 |      14 |       0 |   0.0
        D:5 |     685 |     366 |  34.8 |      24 |       2 |   7.7
        D:6 |     894 |       0 |   0.0 |      30 |       0 |   0.0
        D:7 |     961 |       0 |   0.0 |      16 |       0 |   0.0
    Ossuary |       0 |     139 | 100.0 |       0 |       5 | 100.0
            +---------+---------+-------+---------+---------+-------
